 Dungeon Crawl Stone Soup version 0.26-a0-1222-g14533b3512 (webtiles) character file.

Game seed: 4848683475260841736

22227 Kaver the Geomancer (level 12, -6/70 HPs)
             Began as a Gargoyle Earth Elementalist on Dec 31, 2020.
             Was a Priest of Vehumet.
             Mangled by Urug
             ... wielding a +3 eveningstar of protection
              (22 damage)
             ... on level 14 of the Dungeon.
             The game lasted 00:37:02 (17114 turns).

Kaver the Geomancer (Gargoyle Earth Elementalist)  Turns: 17114, Time: 00:37:03

Health: -6/70      AC: 21    Str: 13    XL:     12   Next: 98%
Magic:  17/34      EV: 14    Int: 22    God:    Vehumet [***...]
Gold:   345        SH:  0    Dex: 10    Spells: 21/30 levels left

rFire    . . .     SeeInvis .   v - +3 flail (vamp)
rCold    . . .     Faith    .   (no shield)
rNeg     + . .     Spirit   .   G - +0 steam dragon scales
rPois    ∞         Reflect  .   o - +1 helmet
rElec    +         Harm     .   (no cloak)
rCorr    .         Rampage  .   I - +0 pair of gloves
Will     .....                  w - +2 pair of boots
Stlth    ++........             (no amulet)
HPRegen  0.21/turn              q - +4 ring of slaying
MPRegen  0.24/turn              j - ring of magical power

@: no status effects
A: clever 1, negative energy resistance 1, electricity resistance, wild magic 1,
unbreathing, petrification resistance, miasma immunity, AC +8
a: Renounce Religion


You were on level 14 of the Dungeon.
You worshipped Vehumet.
Vehumet was most pleased with you.
You visited 2 branches of the dungeon, and saw 15 of its levels.

You collected 2630 gold pieces.
You spent 2285 gold pieces at shops.

Inventory:

Hand Weapons
 n - a +1 morningstar
 v - a +3 vampiric flail (weapon)
Missiles
 b - 198 stones (quivered)
Armour
 o - a +1 helmet (worn)
 w - a +2 pair of boots (worn)
 G - +0 steam dragon scales (worn)
 I - a +0 pair of gloves (worn)
 L - a +0 robe of fire resistance
Jewellery
 j - a ring of magical power (right hand)
 q - a +4 ring of slaying (left hand)
 F - an uncursed ring of fire
 K - a cursed amulet of inaccuracy {unknown}
Wands
 g - a wand of flame (16)
 u - a wand of random effects (42)
 y - a wand of iceblast (8)
 H - a wand of polymorph (5)
Scrolls
 d - 4 scrolls of remove curse
 k - 10 scrolls of teleportation
 s - 3 scrolls of blinking
 t - a scroll of fog
 x - a scroll of summoning
 z - 2 scrolls of fear
 A - 2 scrolls of immolation
 C - a scroll of magic mapping
 J - 3 scrolls of amnesia
Potions
 a - 6 potions of attraction
 c - a potion of mutation
 e - 2 potions of cancellation
 f - 2 potions of flight
 h - 3 potions of curing
 i - 3 potions of magic
 l - 2 potions of lignification
 m - 3 potions of ambrosia
 p - 4 potions of brilliance
 r - 2 potions of heal wounds
 B - 2 potions of resistance
 D - 2 potions of berserk rage
 E - 6 potions of haste


   Skills:
 + Level 6.1 Fighting
 + Level 5.5 Maces & Flails
 - Level 6.0 Armour
 + Level 5.0 Dodging
 - Level 2.1 Stealth
 + Level 9.5 Spellcasting
 + Level 10.6 Conjurations
 - Level 0.7 Transmutations
 + Level 12.2 Earth Magic
 + Level 5.0 Evocations


You had 21 spell levels left.
You knew the following spells:

 Your Spells              Type           Power        Failure   Level
a - Sandblast             Erth           100%         1%          1
b - Stone Arrow           Conj/Erth      100%         1%          3
c - Lee's Rapid Deconstr  Erth           35%          1%          5

Your spell library contained the following spells:

 Spells                   Type           Power        Failure   Level
 Mephitic Cloud           Conj/Pois/Air  33%          1%          3
 Passwall                 Tmut/Erth      41%          1%          2
 Dazzling Flash           Conj/Hex       88%          1%          3
 Petrify                  Tmut/Erth      50%          7%          4
 Animate Skeleton         Necr           26%          10%         1
 Corona                   Hex            14%          10%         1
 Pain                     Necr           52%          10%         1
 Ensorcelled Hibernation  Hex/Ice        26%          14%         2
 Confusing Touch          Hex            13%          26%         3
 Tukima's Dance           Hex            13%          26%         3
 Vampiric Draining        Necr           6%           26%         3
 Animate Dead             Necr           6%           63%         4
 Agony                    Necr           13%          91%         5


Dungeon Overview and Level Annotations

Branches:
Dungeon (14/15)            Temple (1/1) D:6            Lair (0/6) D:9
    Orc (0/2) D:10         Vaults (0/5) D:14

Altars:
Ashenzari
Cheibriados
Dithmenos
Elyvilon
Fedhas
Gozag
Hepliaklqana
Kikubaaqudgha
Makhleb
Nemelex Xobeh
Okawaru
Qazlal
Ru
Sif Muna
Trog
Uskayaw
Vehumet
Wu Jian
Xom
Yredelemnul
Zin
The Shining One

Shops:
D:4 ?***   D:5 *   D:13 !

Annotations:
D:4 2 transporters, Beaer's ghost, amateur VSBr
D:10 2 transporters, Flubber's ghost, journeyman MiBe
D:13 3 runed translucent doors, Kouhutie's ghost, journeyman GrFE
D:14 Rupert; Urug


Innate Abilities, Weirdness & Mutations

You are resistant to torment.
Your stone body is resilient. (AC +8)
You are immune to poison.
You resist negative energy. (rN+)
You are resistant to electric shocks. (rElec)
You can survive without breathing.
You are immune to petrification.
You are immune to miasma.
Your mind is acute. (Int +2)
Your spells are a little harder to cast, but a little more powerful.


Message History

Urug hits you with a +3 eveningstar of protection!
Casting: Sandblast (safe; 1% risk of failure)
Confirm with . or Enter, or press ? or * to list all spells.
Aiming: Sandblast (safe; 1% risk of failure)
Press: ? - help, Shift-Dir - straight line, f/p - Urug
Aim: Urug, wielding a +3 eveningstar of protection and wearing a +0 chain mail (severely wounded, 18% to evade)
The blast of sand misses Urug.
b - 199 stones Urug hits you with a +3 eveningstar of protection!
* * * LOW HITPOINT WARNING * * *
Casting: Sandblast (safe; 1% risk of failure)
Confirm with . or Enter, or press ? or * to list all spells.
Aiming: Sandblast (safe; 1% risk of failure)
Press: ? - help, Shift-Dir - straight line, f/p - Urug
Aim: Urug, wielding a +3 eveningstar of protection and wearing a +0 chain mail (severely wounded, 18% to evade)
The blast of sand hits Urug but does no damage.
Urug is severely wounded.
b - 198 stones Urug hits you with a +3 eveningstar of protection!!
You die...

........ .
#####....... ##
#...#....... .#
#...#..... .#.
#...#... .'.
#..†#.# .# #...†.#
.# ..#####.#
##..... ......o@#
....... ........#
....... ........#
.... .........
##'##### .........
.......########....
.......... #....
.......... #'#...
..........


You could see Urug.

Vanquished Creatures
  Erolcha (D:13)
  2 hydras (D:12)
  3 centaur warriors
  A boulder beetle (D:13)
  2 two-headed ogres
  2 unseen horrors
  A wizard (D:14)
  2 deep elf magi
  An ugly thing (D:12)
  A cyclops (D:12)
  A manticore (D:11)
  A gargoyle (D:14)
  2 komodo dragons
  3 meliai
  2 trolls
  2 hornets
  2 wraiths
  3 yaks (D:10)
  A vampire (D:11)
  12 humans (D:14)
  A basilisk (D:13)
  A steam dragon (D:10)
  A wyvern (D:13)
  2 vampire mosquitoes (D:14)
  An acid dragon (D:12)
  3 water moccasins
  A soldier ant (D:11)
  2 sky beasts (D:9)
  4 ice beasts
  A phantom (D:11)
  A black bear (D:11)
  6 orc warriors
  7 ogres
  4 centaurs
  2 big kobolds
  16 bullfrogs
  5 scorpions
  13 killer bees
  5 spriggan skeletons (D:14)
  10 wights
  2 howler monkeys
  A troll skeleton (D:14)
  2 bullfrog zombies
  3 centaur zombies
  A quasit (D:9)
  4 hounds
  6 jellies
  6 orc priests
  2 centaur skeletons
  10 orc wizards
  3 bullfrog skeletons
  5 iguanas
  9 worker ants
  Terence (D:3)
  A killer bee zombie (D:7)
  2 hound skeletons
  A howler monkey zombie (D:9)
  2 worker ant zombies
  8 adders
  3 shadow imps
  4 white imps
  An ufetubus (D:5)
  An ooze (D:2)
  3 adder skeletons
  2 worms
  A dart slug (D:2)
  9 leopard geckos
  38 orcs
  2 ball pythons
  6 bats
  5 giant cockroaches
  5 goblins
  8 hobgoblins
  8 jackals (D:8)
  3 quokkas
  4 frilled lizards
  12 kobolds
  2 quokka skeletons
  A quokka zombie (D:7)
  8 rats
326 creatures vanquished.

Notes
Turn   | Place    | Note
-------+----------+-------------------------------------------
     0 | D:1      | Kaver the Gargoyle Earth Elementalist began the quest for
                  | the Orb.
     0 | D:1      | Reached XP level 1. HP: 10/10 MP: 3/3
   245 | D:1      | Reached XP level 2. HP: 15/15 MP: 3/5
   294 | D:1      | Reached skill level 4 in Earth Magic
  1178 | D:1      | Reached XP level 3. HP: 19/19 MP: 6/6
  1182 | D:1      | Learned a level 3 spell: Stone Arrow
  1823 | D:2      | Reached skill level 1 in Conjurations
  2023 | D:2      | Found an ornate altar of the Wu Jian Council.
  2190 | D:2      | Found a shimmering altar of Xom.
  2204 | D:2      | Reached XP level 4. HP: 21/24 MP: 8/8
  2945 | D:3      | Noticed Terence
  2960 | D:3      | Killed Terence
  2961 | D:3      | Reached skill level 5 in Earth Magic
  2961 | D:3      | Reached XP level 5. HP: 28/28 MP: 9/9
  3369 | D:4      | Learned a level 5 spell: Lee's Rapid Deconstruction
  3419 | D:4      | Found Uwauxt's Assorted Antiques.
  3444 | D:4      | Bought a black potion for 22 gold pieces
  3444 | D:4      | Bought 2 silvery potions for 45 gold pieces
  3444 | D:4      | Bought a scroll labelled KUZXAPS WADU for 25 gold pieces
  3444 | D:4      | Bought a coppery potion for 22 gold pieces
  3444 | D:4      | Bought a scroll labelled DOYCITHR TUIFFONANU for 25 gold
                  | pieces
  3444 | D:4      | Bought a scroll labelled JUSKOA JASURUQ for 25 gold pieces
  3462 | D:3      | Found a hazy altar of Hepliaklqana.
  3495 | D:4      | Reached XP level 6. HP: 31/32 MP: 11/11
  3721 | D:4      | Found a transporter.
  3721 | D:4      | Noticed Beaer's ghost (amateur VSBr)
  3735 | D:4      | Noticed a necrophage
  3777 | D:4      | Found Qaaph's General Store.
  3782 | D:4      | Found a transporter.
  3988 | D:4      | Found Dypnyimp's Magic Scroll Emporium.
  3996 | D:4      | Bought a scroll of identify for 24 gold pieces
  4014 | D:4      | Found Vaatwom's General Store.
  4028 | D:4      | Bought a scroll of teleportation for 36 gold pieces
  4104 | D:4      | Reached skill level 6 in Earth Magic
  4514 | D:5      | Entered Level 5 of the Dungeon
  4710 | D:5      | Reached XP level 7. HP: 33/36 MP: 13/13
  4794 | D:5      | Found a sparkling altar of Nemelex Xobeh.
  4803 | D:5      | Found a glowing golden altar of the Shining One.
  4809 | D:5      | Found Ruahuconi's Elemental Accessories.
  5525 | D:6      | Reached skill level 7 in Earth Magic
  5623 | D:6      | Found a shimmering altar of Xom.
  5625 | D:6      | Found a shimmering altar of Xom.
  5642 | D:6      | Reached skill level 5 in Spellcasting
  5727 | D:6      | Reached skill level 5 in Conjurations
  5727 | D:6      | Reached XP level 8. HP: 40/41 MP: 15/15
  6036 | D:6      | Identified a scroll of acquirement
  6036 | D:6      | Acquired 963 gold pieces
  6119 | D:6      | Reached skill level 8 in Earth Magic
  6320 | D:6      | Found a staircase to the Ecumenical Temple.
  6333 | Temple   | Entered the Ecumenical Temple
  6813 | D:4      | Bought a scroll of acquirement for 624 gold pieces
  6815 | D:4      | Acquired 790 gold pieces
  6821 | D:4      | Bought a scroll of blinking for 90 gold pieces
  6821 | D:4      | Bought a scroll of teleportation for 36 gold pieces
  6821 | D:4      | Bought a scroll of teleportation for 36 gold pieces
  6821 | D:4      | Bought a scroll of brand weapon for 240 gold pieces
  6821 | D:4      | Bought a scroll of summoning for 114 gold pieces
  6821 | D:4      | Bought a scroll of identify for 24 gold pieces
  6821 | D:4      | Bought a scroll of fear for 42 gold pieces
  6821 | D:4      | Bought a scroll of immolation for 42 gold pieces
  6821 | D:4      | Bought a scroll of identify for 24 gold pieces
  6878 | D:4      | Bought a scroll of blinking for 187 gold pieces
  7261 | D:7      | Reached XP level 9. HP: 30/45 MP: 18/18
  7571 | D:7      | Found a stormy altar of Qazlal.
  7611 | D:7      | Found an opulent altar of Gozag.
  7643 | D:7      | Reached skill level 9 in Earth Magic
  8013 | D:7      | Found an iron altar of Okawaru.
  8627 | D:8      | Found a sacrificial altar of Ru.
  8751 | D:8      | Reached skill level 10 in Earth Magic
  8974 | D:8      | Reached XP level 10. HP: 50/50 MP: 21/21
  9358 | D:8      | Found a glowing silver altar of Zin.
  9358 | D:8      | Noticed an angel
 10024 | D:9      | Found a radiant altar of Vehumet.
 10043 | D:9      | Became a worshipper of Vehumet
 10516 | D:9      | Found a staircase to the Lair.
 10687 | D:10     | Entered Level 10 of the Dungeon
 10687 | D:10     | Found a transporter.
 10687 | D:10     | Found a transporter.
 10687 | D:10     | Noticed Flubber's ghost (journeyman MiBe)
 10691 | D:10     | Noticed a wolf spider
 10732 | D:10     | Reached skill level 1 in Fighting
 10732 | D:10     | Reached skill level 1 in Maces & Flails
 10920 | D:10     | Reached skill level 1 in Armour
 10994 | D:10     | Reached skill level 1 in Evocations
 11102 | D:10     | You fall into a shaft and drop 3 floors!
 11105 | D:13     | Noticed a deep elf mage
 11109 | D:13     | Killed a deep elf mage
 11375 | D:11     | Noticed a manticore
 11415 | D:10     | Found a staircase to the Orcish Mines.
 11463 | D:10     | Reached * piety under Vehumet
 11463 | D:10     | Offered knowledge of Shock by Vehumet.
 11513 | D:10     | Reached XP level 11. HP: 53/59 MP: 8/23
 11756 | D:10     | Reached skill level 11 in Earth Magic
 11878 | D:11     | Killed a manticore
 12660 | D:11     | Reached ** piety under Vehumet
 12660 | D:11     | Offered knowledge of Magic Dart by Vehumet.
 13171 | D:12     | Noticed a cyclops
 13386 | D:12     | Killed a cyclops
 13407 | D:12     | Noticed a two-headed ogre
 13412 | D:12     | Noticed a six-headed hydra
 13415 | D:12     | Killed a two-headed ogre
 13420 | D:12     | Killed a six-headed hydra
 14020 | D:12     | Noticed a brown ugly thing
 14026 | D:12     | Killed a brown ugly thing
 14052 | D:12     | Noticed a five-headed hydra
 14059 | D:12     | Killed a five-headed hydra
 14761 | D:12     | Gained mutation: Your spells are a little harder to cast,
                  | but a little more powerful. [potion of mutation]
 14761 | D:12     | Gained mutation: Your mind is acute. (Int +2) [potion of
                  | mutation]
 14999 | D:13     | Reached skill level 10 in Conjurations
 14999 | D:13     | Reached XP level 12. HP: 53/67 MP: 24/24
 15013 | D:13     | Noticed a centaur warrior
 15026 | D:13     | Killed a centaur warrior
 15032 | D:13     | Noticed a boulder beetle
 15473 | D:13     | Killed a boulder beetle
 15474 | D:13     | Reached skill level 5 in Fighting
 15488 | D:13     | Reached skill level 5 in Armour
 15492 | D:13     | Offered knowledge of Static Discharge by Vehumet.
 15556 | D:13     | Found Ytyid's Distillery.
 15559 | D:13     | Bought a potion of ambrosia for 112 gold pieces
 15559 | D:13     | Bought a potion of heal wounds for 70 gold pieces
 15559 | D:13     | Bought a potion of heal wounds for 70 gold pieces
 15559 | D:13     | Bought a potion of brilliance for 56 gold pieces
 15559 | D:13     | Bought a potion of cancellation for 112 gold pieces
 15559 | D:13     | Bought a potion of resistance for 140 gold pieces
 15559 | D:13     | Bought a potion of curing for 42 gold pieces
 15620 | D:13     | Noticed Erolcha
 15624 | D:13     | Killed Erolcha
 16000 | D:13     | Found a runed translucent gate.
 16000 | D:13     | Found a runed translucent gate.
 16000 | D:13     | Found a runed translucent gate.
 16002 | D:13     | Noticed Kouhutie's ghost (journeyman GrFE)
 16286 | D:13     | You fall into a shaft and drop 1 floor!
 16499 | D:14     | Noticed a centaur warrior
 16511 | D:14     | Killed a centaur warrior
 16511 | D:14     | Reached *** piety under Vehumet
 16535 | D:14     | Reached skill level 5 in Maces & Flails
 16880 | D:14     | Reached skill level 12 in Earth Magic
 16881 | D:14     | Noticed a centaur warrior
 16890 | D:14     | Killed a centaur warrior
 17040 | D:14     | Found a gate to the Vaults.
 17047 | D:14     | Noticed Rupert
 17076 | D:14     | Offered knowledge of Mephitic Cloud by Vehumet.
 17091 | D:14     | Noticed a two-headed ogre
 17097 | D:14     | Noticed Urug
 17101 | D:14     | Killed a two-headed ogre
 17102 | D:14     | Reached skill level 5 in Dodging
 17102 | D:14     | Reached skill level 5 in Evocations
 17114 | D:14     | Mangled by Urug

Illustrated notes

Levels and vault maps discovered:
D:1:      shiori_arrival_maze, layout_loops_corners
D:2:      layout_basic, nzn_wu_jian_contemplation,
          nicolae_overflow_crystal_walls
D:3:      lemuel_upstairs_altar, layout_basic, uniq_terence
D:4:      layout_loops_ring, gammafunk_ghost_mausoleum, serial_shops, shop,
          shop, nicolae_shop_overgrown_old_shop, nicolae_shop_behind_doors
D:5:      layout_gridville, grunt_temple_overflow_open,
          hangedman_decor_slide_cut, nicolae_elemental_shop,
          kennysheep_generic_room_9
D:6:      layout_loops_ring, minmay_temple_entry_butterflies, st_stairs_2,
          xom_redecorated
D:7:      layout_basic, grunt_qazlal_clouds, lemuel_crystal_altar,
          chequers_jeans, lemuel_tele_altar
D:8:      layout_loops_corners, zin_angel, overflow_temple_1_default
D:9:      layout_long_grid, overflow_temple_1_default, lair_entry_dummy
D:10:     layout_rooms, orc_0_dummy, gammafunk_ghost_arena
D:11:     layout_stronghold
D:12:     layout_stronghold, bh_walls_and_bars
D:13:     layout_layer_cave, serial_shops, kennysheep_mini,
          gammafunk_ghost_necromancy, nicolae_trove_entry_crystal, uniq_erolcha
D:14:     layout_irregular_city, david_vaults_3, hangedman_decor_opposing,
          hangedman_tell_no_tales
Temple:   nicolae_temple_figure_eight

Skill      XL: |  1  2  3  4  5  6  7  8  9 10 11 12 |
---------------+-------------------------------------+-----
Earth Magic    | 4 5 6 7 8 10 11 12 | 12.2
Conjurations   | 1 2 3 5 6 8 9 10 | 10.6
Spellcasting   | 3 4 5 6 7 8 9 |  9.5
Fighting       | 2 4 6 |  6.1
Maces & Flails | 2 4 5 |  5.5
Armour         | 2 4 6 |  6.0
Dodging        | 2 4 5 |  5.0
Evocations     | 2 3 5 |  5.0
Stealth        | |  2.1
Transmutations | |  0.7

Action                   |  1- 3 |  4- 6 |  7- 9 | 10-12 || total
-------------------------+-------+-------+-------+-------++-------
Melee: Unarmed           |    12 |       |       |       ||    12
       Mace              |    95 |    76 |     8 |       ||   179
       Flail             |       |       |   175 |   401 ||   576
 Cast: Sandblast         |     9 |    44 |    69 |   192 ||   314
       Stone Arrow       |       |     1 |     3 |    39 ||    43
       Lee's Rapid Decon |       |       |     6 |    20 ||    26
Evoke: Wand              |       |       |       |    18 ||    18
  Use: Scroll            |     6 |     6 |    12 |     9 ||    33
       Potion            |     1 |       |     1 |     4 ||     6
 Stab: Sleeping          |     5 |     2 |     5 |     2 ||    14
Armor: Robe              |    41 |    46 |   137 |    99 ||   323
       Steam dragon scal |       |       |       |   251 ||   251
Dodge: Dodged            |    82 |    63 |   167 |   391 ||   703

Table legend: (Time is in decaauts)
 A = Elapsed time spent in this place.
 B = Non-inter-level travel time spent in this place.
 C = Inter-level travel time spent in this place.
 D = Time resting spent in this place.
 E = Time spent auto-exploring this place.
 F = Levels seen in this place.
 G = Mean time per level.
                   A        B        C        D        E       F      G
               +--------+--------+--------+--------+--------+-----+--------+
         Total |  17371 |  16666 |    705 |   2085 |  11597 |  15 | 1158.1 |
       Dungeon |  17171 |  16478 |    693 |   2085 |  11410 |  14 | 1226.5 |
        Temple |    199 |    187 |     12 |      0 |    187 |   1 |  199.0 |
               +--------+--------+--------+--------+--------+-----+--------+

Top non-repeatable levels by time:
    D:12: 2581 daAuts
     D:8: 1449 daAuts
     D:2: 1425 daAuts
     D:1: 1321 daAuts
    D:11: 1225 daAuts
     D:9: 1215 daAuts
     D:6: 1188 daAuts
     D:7: 1171 daAuts
     D:4: 1051 daAuts
    D:13: 1005 daAuts
     D:5: 960 daAuts
     D:3: 877 daAuts
    D:10: 852 daAuts
    D:14: 844 daAuts
  Temple: 199 daAuts
